 Dungeon Crawl Stone Soup version 0.20.1-1-g8b1a95d (console) character file.

48 bli the Chiller (level 3, 0/24 HPs)
             Began as a Barachi Ice Elementalist on July 23, 2017.
             Hit by a javelin thrown by a hobgoblin (8 damage)
             ... on level 2 of the Dungeon.
             The game lasted 00:04:20 (1239 turns).

bli the Chiller (Barachi Ice Elementalist)          Turns: 1239, Time: 00:04:21

Health: 0/24       AC:  2    Str:  9    XL:     3   Next: 72%
Magic:  7/7        EV: 13    Int: 15    God:
Gold:   35         SH:  0    Dex: 13    Spells: 6/7 levels left

rFire    . . .     SeeInvis .   e - +0 dagger
rCold    . . .     Gourm    .   (no shield)
rNeg     . . .     Faith    .   a - +0 robe
rPois    .         Spirit   .   (no helmet)
rElec    .         Reflect  .   (no cloak)
rCorr    .         Harm     .   (no gloves)
MR       .....                  (no boots)
Stlth    ++........             (no amulet)
Regen    0.1/turn               (no ring)
MPRegen  0.1/turn               (no ring)

@: slow
A: +LOS, swims, slowness 1, strong legs 1
a: Hop


You were on level 2 of the Dungeon.
You were not hungry.

You visited 1 branch of the dungeon, and saw 2 of its levels.

You collected 35 gold pieces.

Inventory:

Hand Weapons
 e - a +0 dagger (weapon)
Armour
 a - a +0 robe (worn)
 i - a +0 ring mail
Scrolls
 d - a scroll of fear {unknown}
 h - 2 scrolls of amnesia {unknown}
 j - 3 scrolls of remove curse {unknown}
 k - a scroll of magic mapping {unknown}
 l - a scroll of immolation {unknown}
 m - a scroll of teleportation {unknown}
Books
 b - a book of Frost

   Spells                             Type                      Level
   a - Freeze                         Ice                          1
   b - Throw Frost                    Conjuration/Ice              2
   c - Ozocubu's Armour               Charms/Ice                   3
   d - Throw Icicle                   Conjuration/Ice              4
   e - Summon Ice Beast               Ice/Summoning                4
Comestibles
 c - a bread ration
 f - a meat ration
 g - 4 chunks of flesh


   Skills:
 * Level 0.2 Fighting
 + Level 2.5 Dodging
 + Level 1.9 Stealth
 + Level 2.8 Spellcasting
   Level 1.1 Conjurations
 + Level 4.6 Ice Magic


You had 6 spell levels left.
You knew the following spells:

 Your Spells              Type           Power        Failure   Level  Hunger
a - Freeze                Ice            ###.         3%          1    #......


Dungeon Overview and Level Annotations

Branches:
Dungeon (2/15)

Altars:


Innate Abilities, Weirdness & Mutations

Shadows flee at your approach. (+LOS)
You can swim through water.
You cover ground slowly.
You can hop short distances.


Message History

You freeze the worm.
You kill the worm!
You start resting.
A hobgoblin comes into view. It is wielding a club.
You start resting.
The hobgoblin closely misses you.
A frilled lizard, 2 goblins and 2 hobgoblins come into view.
The hobgoblin hits you with a club.
You hit the hobgoblin but do no damage.
The goblin shouts!
The hobgoblin shouts! x2
The hobgoblin barely misses you. The hobgoblin hits you with a club.
The hobgoblin throws a javelin.
The javelin hits you.
You see here a javelin.
Casting: Freeze
Confirm with . or Enter, or press ? or * to list all spells.
You can't see any susceptible monsters within range! (Use Z to cast anyway.) Unknown command.
The hobgoblin throws a javelin.
The javelin hits you!
You die...

####### #.....#
##.....####### ..
#......'..)...
.....######
#......#######
.glgg'...g#
#.#..........<
.g...####.#
#.#.###†...... .. #(#
#.#.###.######
#@###.#...........
#######.....#####.#####.
+...........>...#.# #.
###############.#.# #.
#.#####. #.#....÷
#.#.#### #.......
####+###.####
#........#<..
#........####


You could see a hobgoblin.

Vanquished Creatures
  An adder (D:2)
  A worm (D:2)
  2 dart slugs
  A leopard gecko (D:2)
  2 giant cockroaches
  2 hobgoblins (D:1)
  2 kobolds (D:1)
  5 bats (D:1)
  8 goblins
  7 rats
31 creatures vanquished.

Notes
Turn   | Place    | Note
-------+----------+-------------------------------------------
     0 | D:1      | bli the Barachi Ice Elementalist began the quest for the Orb.
     0 | D:1      | Reached XP level 1. HP: 13/13 MP: 3/3
   200 | D:1      | Reached skill level 4 in Ice Magic
   212 | D:1      | Reached XP level 2. HP: 5/19 MP: 0/5
   843 | D:1      | Reached XP level 3. HP: 20/24 MP: 3/6
  1239 | D:2      | Hit by a javelin thrown by a hobgoblin

Skill      XL: |  1 |
---------------+----+-----
Ice Magic      | 4 |  4.6
Fighting       | |  0.2
Dodging        | |  2.5
Stealth        | |  1.9
Spellcasting   | |  2.8
Conjurations   | |  1.1

Action                   || total
-------------------------++-------
Melee: Unarmed           ||    30
       Dagger            ||    43
 Cast: Freeze            ||    37
 Stab: Sleeping          ||     5
  Eat: Chunk             ||     2
Armor: Robe              ||    27
Dodge: Dodged            ||    78
